Map: [EWC] Oceanborn

Players

HeroMarine

  • Race: Terran Terran
  • Spawn Location: 11:00

Reynor - Winner!

  • Race: Zerg Zerg
  • Spawn Location: 5:00

Event: Esports World Cup 2024

VOD

Have the link to the VOD?

Description

Time

  • Played on: Aug. 17, 2024, 6:48 a.m.
  • Length: 8:38

All games in this series

Show
View Real Time Build Order
Export as new Build Order

HeroMarine Terran 

Build Orders: 2 Factory, Hellion Opening, Reaper Expand, Mech 

Get SALT Encoding   

  12  0:00  SCV  
  13  0:12  SCV  
  14  0:17  Supply Depot  
  14  0:24  SCV  
  15  0:39  SCV  
  15  0:40  Barracks  
  16  0:43  Refinery  
  16  0:51  SCV  
  17  1:03  SCV  
  18  1:15  SCV  
  19  1:27  Orbital Command, Reaper  
  20  1:39  Command Center  
  20  1:46  Supply Depot  
  20  1:53  SCV  
  21  1:59  Marine  
  22  2:05  SCV  
  23  2:10  Factory  
  23  2:17  SCV  
  23  2:21  Barracks Reactor  
  24  2:29  SCV  
  25  2:37  Command Center  
  25  2:41  SCV  
  26  2:51  Orbital Command  
  26  2:53  SCV  
  27  3:05  SCV, Marine, Hellion x2  
  33  3:15  Factory  
  33  3:17  SCV x2  
  33  3:19  Refinery  
  35  3:26  Hellion x2  
  39  3:29  SCV x2  
  41  3:36  Barracks Tech Lab  
  41  3:41  SCV  
  41  3:42  SCV  
  41  3:48  Hellion  
  45  3:49  Hellion  
  45  3:50  Orbital Command  
  45  3:53  SCV  
  45  3:54  SCV  
  49  4:05  SCV  
  49  4:06  SCV, Hurricane Engines  
  49  4:08  Factory  
  51  4:13  Hellion x2  
  51  4:14  Hellion  
  51  4:15  Supply Depot  
  51  4:16  Marine  
  58  4:19  SCV x2  
  58  4:21  SCV  
  61  4:30  Supply Depot  
  61  4:36  SCV x2  
  63  4:39  Cyclone  
  63  4:40  Cyclone x2  
  63  4:43  Supply Depot  
  69  4:45  Barracks Reactor  
  69  4:49  Refinery  
  69  4:51  SCV x3  
  72  4:55  Supply Depot  
  72  5:03  SCV x3  
  72  5:05  Orbital Command  
  72  5:06  Cyclone  
  77  5:10  Supply Depot  
  77  5:11  Cyclone  
  79  5:14  Cyclone, Refinery  
  79  5:15  SCV x2  
  79  5:20  Cyclone  
  85  5:23  Supply Depot  
  85  5:27  SCV x2  
  85  5:36  SCV  
  85  5:40  SCV x2  
  84  5:44  Cyclone  
  84  5:47  Cyclone  
  84  5:48  SCV  
  84  5:49  Armory  
  86  5:50  Armory  
  86  5:52  SCV x2  
  86  5:56  Hellion x3  
  94  6:00  SCV  
  94  6:04  SCV x2  
  95  6:06  Infernal Pre-Igniter  
  91  6:13  SCV  
  91  6:16  SCV x2, Cyclone  
  91  6:17  Cyclone x2  
  98  6:25  SCV  
  91  6:27  Supply Depot, Refinery  
  91  6:28  SCV x2, Refinery  
  91  6:31  Cyclone  
  90  6:37  SCV  
  90  6:39  Terran Vehicle And Ship Armor Level 1, Terran Vehicle Weapons Level 1  
  89  6:40  SCV x2  
  87  6:48  Cyclone  
  87  6:49  SCV, Cyclone  
  87  6:52  SCV x2, Cyclone  
  93  6:55  Siege Tank  
  93  7:00  Command Center  
  97  7:01  SCV  
  97  7:03  Cyclone  
  97  7:04  SCV x2  
  97  7:06  Factory  
  101  7:10  Factory  
  101  7:13  SCV  
  102  7:16  SCV x2  
  102  7:18  Supply Depot x2  
  102  7:20  Hellion  
  102  7:21  Hellion  
  108  7:25  SCV, Hellion  
  108  7:28  Siege Tank, SCV x2  
  116  7:33  Engineering Bay  
  116  7:35  Supply Depot  
  116  7:37  SCV  
  116  7:40  Supply Depot  
  116  7:41  SCV, Hellion  
  116  7:42  Hellion  
  116  7:43  Hellion  
  116  7:44  Supply Depot  
  124  7:48  SCV  
  124  7:49  SCV  
  118  7:51  Factory Tech Lab  
  118  7:52  Cyclone  
  118  7:53  SCV  
  121  7:59  Factory Tech Lab  
  121  8:00  Siege Tank  
  121  8:02  Cyclone  
  121  8:03  Cyclone  
  97  8:20  SCV x3  
Show
View Real Time Build Order
Export as new Build Order

Reynor Zerg - Winner!

Build Orders: Hatch First 

Get SALT Encoding   

  12  0:01  Drone  
  13  0:12  Overlord  
  13  0:16  Drone  
  14  0:31  Drone x2  
  16  0:48  Hatchery  
  15  0:51  Drone  
  15  0:54  Drone  
  17  0:58  Drone  
  18  1:08  Extractor  
  17  1:13  Spawning Pool  
  17  1:17  Drone  
  17  1:20  Drone  
  18  1:28  Drone  
  19  1:39  Drone  
  20  1:49  Drone  
  21  2:00  Queen x2  
  27  2:01  Zergling x4  
  27  2:14  Hatchery  
  26  2:18  Overlord  
  26  2:22  Drone  
  27  2:24  Drone  
  28  2:39  Queen  
  28  2:40  Drone x3  
  33  2:48  Metabolic Boost  
  33  2:50  Overlord  
  33  2:53  Drone  
  33  2:56  Drone  
  33  2:57  Drone  
  36  3:08  Queen  
  36  3:10  Drone x2  
  36  3:11  Overlord  
  40  3:14  Drone  
  40  3:16  Drone  
  40  3:18  Drone  
  43  3:20  Drone  
  43  3:25  Queen  
  46  3:28  Drone x2  
  46  3:30  Drone  
  49  3:36  Queen  
  51  3:42  Overlord  
  51  3:44  Zergling x4  
  51  3:45  Drone x2  
  51  3:48  Drone x2  
  56  3:50  Drone  
  56  3:52  Overlord  
  58  3:56  Overlord  
  58  4:00  Drone x2  
  60  4:04  Drone  
  60  4:07  Drone  
  60  4:08  Queen  
  64  4:10  Drone  
  64  4:14  Drone  
  66  4:17  Drone x2, Queen  
  66  4:18  Drone  
  66  4:22  Queen  
  66  4:24  Baneling Nest  
  72  4:26  Overlord  
  72  4:28  Drone  
  72  4:29  Drone  
  72  4:31  Drone  
  75  4:34  Roach Warren, Drone x2  
  76  4:39  Zergling x2  
  76  4:40  Zergling x4  
  76  4:41  Zergling x2  
  76  4:43  Zergling x2  
  81  4:45  Overlord  
  81  4:49  Evolution Chamber  
  80  4:53  Evolution Chamber  
  80  4:56  Queen  
  80  4:58  Zergling x10, Evolution Chamber  
  85  5:01  Evolution Chamber  
  85  5:04  Lair, Evolution Chamber  
  85  5:05  Drone x2  
  85  5:06  Drone  
  85  5:13  Overlord  
  89  5:14  Drone  
  89  5:16  Zerg Missile Weapons Level 1  
  89  5:18  Roach x2  
  89  5:19  Overlord  
  89  5:20  Drone, Hatchery  
  94  5:23  Drone, Extractor  
  94  5:25  Roach  
  94  5:26  Overlord  
  96  5:30  Drone  
  96  5:31  Overlord  
  96  5:33  Overlord  
  97  5:43  Roach x2  
  97  5:44  Overlord  
  97  5:46  Drone  
  97  5:47  Drone  
  97  5:49  Extractor  
  102  5:51  Extractor x2  
  102  5:52  Overlord  
  102  5:53  Drone x3  
  103  5:59  Roach x2  
  103  6:01  Overlord  
  106  6:07  Hatchery, Roach x2  
  106  6:10  Drone x2  
  107  6:14  Roach  
  107  6:16  Queen  
  109  6:20  Drone x2  
  109  6:21  Drone  
  109  6:22  Drone  
  109  6:24  Drone x4  
  115  6:26  Glial Reconstitution  
  115  6:29  Zergling x4  
  115  6:30  Zergling x4  
  116  6:33  Zergling x2  
  116  6:37  Roach x2  
  116  6:39  Extractor  
  116  6:42  Roach  
  117  6:49  Roach x2  
  119  6:55  Roach  
  119  6:56  Roach  
  119  6:57  Roach x5  
  119  7:00  Overlord  
  133  7:02  Roach x5  
  133  7:05  Overlord  
  133  7:08  Overlord  
  143  7:10  Infestation Pit  
  143  7:14  Roach  
  144  7:16  Overlord  
  144  7:20  Roach x2  
  149  7:22  Zergling x2  
  149  7:26  Zergling x10, Roach x3  
  149  7:27  Ravager  
  149  7:28  Ravager  
  162  7:30  Ravager  
  162  7:31  Overlord  
  163  7:38  Roach x5  
  163  7:39  Overlord, Roach  
  175  7:46  Overlord  
  175  7:56  Roach x10  
  175  7:58  Overlord  
  184  8:07  Roach x2  
  184  8:08  Roach x4  
  193  8:18  Roach x6  
Tags
 
Add a new tag
Caveats
  • Supply blocks, unpowered buildings, or Contaminate may cause inaccurate times.
  • Supply counts are checked every 10 seconds.